 Dungeon Crawl Stone Soup version 0.22-a0-247-gbddf880757 (webtiles) character file.

280 Peterchen the Cleaver (level 6, -2/51 HPs)
             Began as a Minotaur Berserker on Feb 26, 2018.
             Was a Believer of Trog.
             Slain by Grinder (4 damage)
             ... while paralysed by Grinder
             ... on level 3 of the Dungeon.
             The game lasted 00:03:47 (1658 turns).

Peterchen the Cleaver (Minotaur Berserker)          Turns: 1658, Time: 00:03:48

Health: -2/51      AC:  5    Str: 24    XL:     6   Next: 5%
Magic:  5/5        EV:  2    Int:  4    God:    Trog [**....]
Gold:   148        SH:  0    Dex:  9    Spells: 5/5 levels left

rFire    . . .     SeeInvis .   o - +1 war axe (chop)
rCold    . . .     Gourm    .   (no shield)
rNeg     . . .     Faith    .   d - +0 ring mail
rPois    .         Spirit   .   (helmet restricted)
rElec    .         Reflect  .   (no cloak)
rCorr    .         Harm     .   (no gloves)
MR       .....                  (no boots)
Stlth    ..........             (no amulet)
HPRegen  0.17/turn              (no ring)
MPRegen  0.09/turn              (no ring)

@: paralysed, berserk cooldown, slowed, glowing
A: retaliatory headbutt, horns 2
a: Berserk, Trog's Hand, Renounce Religion


You were on level 3 of the Dungeon.
You worshipped Trog.
Trog was pleased with you.
You were not hungry.

You visited 1 branch of the dungeon, and saw 3 of its levels.

You collected 148 gold pieces.

Inventory:

Hand Weapons
 o - a +1 war axe of chopping (weapon)
Missiles
 j - 5 javelins (quivered)
Armour
 d - a +0 ring mail (worn)
Scrolls
 b - a scroll of amnesia {unknown}
 e - 2 scrolls of remove curse {unknown}
 g - a scroll of teleportation {unknown}
 h - a scroll of blinking {unknown}
 k - 2 scrolls of identify {unknown}
 m - a scroll of fog {unknown}
 n - a scroll of enchant weapon {unknown}
Potions
 a - a potion of brilliance {unknown}
 f - a potion of resistance {unknown}
 i - 3 potions of flight {unknown}
 l - a potion of curing {unknown}
Comestibles
 c - 6 rations
 p - 22 chunks of flesh


   Skills:
 - Level 3.6 Fighting
 * Level 8.2 Axes
 - Level 2.4 Armour
 - Level 2.1 Dodging


You had 5 spell levels left.
You didn't know any spells.

Dungeon Overview and Level Annotations

Branches:
Dungeon (3/15)

Altars:
Ashenzari
Nemelex Xobeh

Annotations:
D:3 Grinder


Innate Abilities, Weirdness & Mutations

You reflexively headbutt those who attack you in melee.
You have a pair of horns on your head.


Message History

Grinder grins, showing sharp teeth.
A frilled lizard and a jackal come into view.
The jackal barks!
The frilled lizard hisses angrily.
You hear a bark!
You hear a shout!
Grinder hits you.
The frilled lizard hisses.
Grinder gestures at you. Pain shoots through your body! Grinder hits you!
* * * LOW HITPOINT WARNING * * *
You writhe in agony.
* * * LOW HITPOINT WARNING * * *
Grinder hits you but does no damage. Grinder gestures at you.
Pain shoots through your body!
* * * LOW HITPOINT WARNING * * *
Grinder hits you.
* * * LOW HITPOINT WARNING * * *
You writhe in agony.
You die...

#################
#...............#
#.#############.#
#.######## #.#
#))....... #.#
#.)######. #@# #..# #5#
#..# #...lgh# #..#
#.......# ##..###..
#.........
......................
........................
##..###.......$.#.#..#.o
##..# ###....g .#(.#..


You could see Grinder, a jackal, a hobgoblin and a frilled lizard.

Vanquished Creatures
  The ghost of Xeas the Sneak, an amateur SpEn of Dithmenos (D:3)
  An orc wizard (D:3)
  An orc priest (D:3)
  An adder (D:3)
  5 dart slugs
  4 leopard geckos
  6 orcs (D:3)
  3 bats
  2 giant cockroaches (D:1)
  5 goblins (D:1)
  5 hobgoblins
  2 jackals
  9 kobolds
  A frilled lizard (D:2)
  5 rats
51 creatures vanquished.

Notes
Turn   | Place    | Note
-------+----------+-------------------------------------------
     0 | D:1      | Peterchen the Minotaur Berserker began the quest for the Orb.
     0 | D:1      | Reached XP level 1. HP: 19/19 MP: 0/0
   133 | D:1      | Reached skill level 4 in Axes
   136 | D:1      | Reached XP level 2. HP: 20/26 MP: 1/1
   376 | D:1      | Reached skill level 5 in Axes
   420 | D:1      | Reached XP level 3. HP: 31/31 MP: 2/2
   482 | D:1      | Found a shattered altar of Ashenzari.
   565 | D:1      | Reached ** piety under Trog
  1371 | D:2      | Found a sparkling altar of Nemelex Xobeh.
  1502 | D:3      | Reached skill level 6 in Axes
  1502 | D:3      | Reached XP level 4. HP: 37/39 MP: 3/3
  1615 | D:3      | Noticed Xeas's ghost (amateur SpEn)
  1636 | D:3      | Killed Xeas's ghost
  1636 | D:3      | Reached skill level 8 in Axes
  1636 | D:3      | Reached XP level 5. HP: 45/45 MP: 4/4
  1636 | D:3      | Reached XP level 6. HP: 51/51 MP: 5/5
  1649 | D:3      | Noticed Grinder
  1652 | D:3      | Paralysed by Grinder for 7 turns
  1658 | D:3      | HP: 2/51 [Grinder (5)]
  1658 | D:3      | Slain by Grinder

Vault maps used:
D:1:      dpeg_arrival_renting, minivault_14, nicolae_ashenzari_panopticon
D:2:      nemelex_lonely_heart_becter
D:3:      first_ration, uniq_jessica, uniq_ijyb, uniq_grinder

Skill      XL: |  1  2  3  4 |
---------------+-------------+-----
Axes           | 4 5 6 8 |  8.2
Fighting       | |  3.6
Armour         | |  2.4
Dodging        | |  2.1

Action                   |  1- 3 |  4- 6 || total
-------------------------+-------+-------++-------
Melee: Hand axe          |    77 |       ||    77
       Headbutt          |    11 |     3 ||    14
       War axe           |     7 |    21 ||    28
Throw: Javelin           |     4 |     2 ||     6
Invok: Berserk           |       |     1 ||     1
  Eat: Chunk             |     2 |     1 ||     3
Armor: Ring mail         |    29 |     6 ||    35
Dodge: Dodged            |    49 |    14 ||    63

Table legend:
 A = Spawn XP
 B = Non-spawn XP
 C = Spawn XP percentage of total XP
 D = Spawn monster count
 E = Non-spawn monster count
 F = Spawn count percentage of total count
 G = Total turns spent on level
                    A         B        C        D         E        F      G
               +---------+---------+-------+---------+---------+-------+---------
         Total |       0 |     401 |   0.0 |       0 |      51 |   0.0 |  1658
               +---------+---------+-------+---------+---------+-------+---------
           D:1 |       0 |      63 |   0.0 |       0 |      29 |   0.0 |   758
           D:2 |       0 |      12 |   0.0 |       0 |       6 |   0.0 |   739
           D:3 |       0 |     326 |   0.0 |       0 |      16 |   0.0 |   161
               +---------+---------+-------+---------+---------+-------+---------
